[Event "87th Spanish Championship 2022"]
[Site "Linares"]
[Date "2022.08.15"]
[Round "6.24"]
[White "Masague Artero, Guerau"]
[Black "Garcia Escoda, Marc"]
[Result "1-0"]
[ECO "E17"]
[WhiteElo "2319"]
[BlackElo "2130"]
[Annotator "TA"]
[PlyCount "55"]
[EventDate "2022.08.11"]
[EventType "swiss"]
[EventCountry "ESP"]
[SourceTitle "playchess.com"]
[Source "ChessBase"]
[SourceQuality "1"]
[TimeControl "5400+30"]

1. d4 e6 2. c4 Nf6 3. Nf3 b6 4. g3 Bb7 5. Bg2 Be7 6. O-O O-O 7. Re1 Qc8 8. Nc3 {[%emt 0:13:04] E17: Queen's Indian: 4 g3 Bb7 5 Bg2 Be7.} Ne4 9. Nxe4 Bxe4 10. Bh3 {[%emt 0:00:04] White has an edge.} f5 {[%emt 0:22:38] [#]} (10... Nc6 $11 {remains equal.}) 11. Nd2 $146 ({Predecessor:} 11. d5 Bxf3 12. exf3 Bf6 13. Qe2 Na6 14. dxe6 dxe6 15. Qxe6+ Qxe6 16. Rxe6 Rad8 17. Re1 {1-0 (54) Colpe,M (2386)-Wertjanz,D (2300) Graz 2016}) 11... Bb7 {[%emt 0:01:06] Inhibits d5.} 12. e4 {[%emt 0:02:06] aiming for exf5.} Nc6 13. d5 Nd4 14. exf5 Nxf5 15. Ne4 (15. Nf3 $14) 15... exd5 16. cxd5 Bc5 ({Black should try} 16... Qe8 $14) 17. Bf4 {[%emt 0:04:10][%cal Bc1f4,Bf4e3,Be3c5][%mdl 32] Strongly threatening Rc1.} Nh4 $2 {[%emt 0:17:14] [#] Loses the game.} 18. Rc1 $18 Ng6 19. Nxc5 bxc5 20. Be3 Ne5 {[%emt 0:01:11] [#] ...Nf3+ is the strong threat.} 21. f4 Ng6 {[%emt 0:03:14] White is clearly winning.} 22. Bxc5 Re8 23. Rxe8+ Qxe8 24. Qb3 Nxf4 25. gxf4 (25. Qxb7 Nxh3+ 26. Kf1 (26. Kg2 $2 Rb8 $19) 26... Rb8 27. Qxc7 Qf7+ 28. Ke1 (28. Kg2 {is a self mate.} Rxb2+) 28... Re8+ 29. Kd2 Qxd5+ 30. Kc2 Ng5 $17) 25... Qg6+ 26. Bg2 Re8 27. Qxb7 Re2 28. Qb8+ {[%emt 0:00:08] Weighted Error Value: White=0.06 (flawless) /Black=0.56} 1-0

[Event "87th Spanish Championship 2022"]
[Site "Linares"]
[Date "2022.08.15"]
[Round "6.25"]
[White "Domingo Nunez, Alejandro"]
[Black "Del Carmen Hernandez, Aimer"]
[Result "1-0"]
[ECO "B30"]
[WhiteElo "2335"]
[BlackElo "2066"]
[Annotator "TA"]
[PlyCount "45"]
[EventDate "2022.08.11"]
[EventType "swiss"]
[EventCountry "ESP"]
[SourceTitle "playchess.com"]
[Source "ChessBase"]
[SourceQuality "1"]
[TimeControl "5400+30"]

1. e4 c5 2. Nf3 Nc6 3. Bb5 d6 4. O-O Bd7 5. Re1 e6 6. c3 Nge7 {[%emt 0:09:22] B51: Sicilian: Moscow Variation (3 Bb5+) without 3...Bd7.} 7. d4 Qb6 (7... Ng6 $14) 8. Ba4 $16 {[%emt 0:18:39] [#]} Rd8 $146 {[%emt 0:27:31] White is better.} ({Predecessor:} 8... e5 9. dxe5 dxe5 10. Na3 Ng6 11. Nc4 Qc7 12. Ne3 Rd8 13. Nd5 Qb8 14. Qe2 Bd6 {1-0 (39) Peshkova,T (2124)-Strutinskaya,G (2308) Serpukhov 2002}) 9. d5 Ne5 10. Bxd7+ Rxd7 {[%emt 0:01:33] [#]} 11. dxe6 $1 Nxf3+ 12. Qxf3 ({Much weaker is} 12. gxf3 $6 fxe6 13. f4 g6 $11) 12... fxe6 13. Qg4 {[%emt 0:01:11] White is more active.} e5 14. Nd2 Ng6 15. Nf3 Be7 16. h4 {[%emt 0:00:13] [#] Hoping for h5.} Bf6 17. h5 Nf4 {[%emt 0:00:11][%mdl 8192] Loses the game.} (17... Nf8 $16 {is more resistant.}) 18. Bxf4 $18 exf4 19. Rad1 {[%emt 0:18:07] And now e5 would win.} ({Not} 19. e5 dxe5 20. Nxe5 Bxe5 $18) 19... Qc7 (19... Rc7 $142 20. e5 dxe5 21. Nxe5 O-O) 20. h6 (20. e5 $142 {Intending exd6+ and mate.} Bxe5 21. Nxe5) 20... Be5 (20... Rf8 21. e5 (21. Qxf4 Bxc3 22. Qh4 Bxe1 $15) 21... dxe5 22. hxg7 Bxg7) 21. Nxe5 dxe5 22. Qe6+ Re7 23. hxg7 {[%emt 0:00:04] Weighted Error Value: White=0.30/Black=1.23} 1-0

[Event "87th Spanish Championship 2022"]
[Site "Linares"]
[Date "2022.08.15"]
[Round "6.26"]
[White "Hernandez Estevez, Yudania"]
[Black "Garrido Outon, Alex"]
[Result "1-0"]
[ECO "B92"]
[WhiteElo "2193"]
[BlackElo "2436"]
[Annotator "TA"]
[PlyCount "73"]
[EventDate "2022.08.11"]
[EventType "swiss"]
[EventCountry "ESP"]
[SourceTitle "playchess.com"]
[Source "ChessBase"]
[SourceQuality "1"]
[TimeControl "5400+30"]

1. e4 c5 2. Nf3 d6 3. d4 cxd4 4. Nxd4 Nf6 5. Nc3 a6 6. Be2 e5 7. Nb3 Be7 8. O-O O-O 9. Qd3 Be6 10. Bd2 {[%emt 0:00:24] B92: Sicilian Najdorf: 6 Be2.} Nbd7 11. Nd5 Bxd5 12. exd5 {[%emt 0:00:49] The position is equal.} Ne8 13. Qh3 g6 {[%emt 0:06:04] [#]} 14. c4 $146 ({Predecessor:} 14. Na5 Qc7 15. c4 f5 16. b4 Nef6 17. Rac1 Ne4 18. Bh6 Rf7 19. Bd3 Nef6 20. c5 {1-0 (53) Carapinha,F (2345)-Malkov,A (2209) ICCF email 2013}) 14... f5 15. Rae1 (15. Na5 $11) 15... Ng7 (15... Nef6 $15) 16. Bc3 (16. Na5 $5 ) 16... a5 17. a4 (17. c5 $5) 17... Bf6 18. Qe3 b6 {[%emt 0:07:39] Inhibits c5.} 19. f3 ({White should play} 19. Qd2 $11) 19... Nc5 (19... Bh4 $15 20. Rb1 f4) 20. Nxc5 $11 bxc5 21. Bd3 Ra7 22. Kh1 Bg5 23. Qf2 h5 (23... Nh5 $11) 24. g3 Bf6 (24... h4 $1 $11) 25. Qg2 Kf7 26. g4 $36 {[%emt 0:06:36][%mdl 2048] White is on the roll.} Rh8 (26... g5 $142) 27. Rg1 {[%emt 0:01:24] White is more active.} (27. gxf5 $16 gxf5 28. Rg1) 27... Kf8 (27... hxg4 $14 28. fxg4 f4) 28. gxf5 $16 {[%emt 0:05:26] [#] Threatens to win with f4.} gxf5 $2 {[%emt 0:01:48] This costs Black the game.} (28... g5 $16 29. Qd2 h4) 29. Qh3 Rf7 30. Rg6 {[%emt 0:00:19] Black must now prevent Reg1.} ({And not} 30. Bxf5 Nxf5 31. Qxf5 Bh4 $17) 30... f4 (30... Bg5 $142 31. Qg2 Bf4) 31. Reg1 $18 {[%emt 0:00:54] aiming for Qg2.} Be7 $2 (31... Ra7 32. Qg2 Qe7) 32. Qg2 {[%emt 0:01:46] White is clearly winning.} Bf6 {[%emt 0:00:04] [#]} (32... Rg8 $142 33. Rh6 Bh4) 33. Bxa5 $1 Qd7 (33... Qe7 34. b4) 34. Bc3 {A strong pair of Bishops.} Nf5 35. Qh3 Be7 36. a5 Ng3+ 37. R1xg3 {[%emt 0:00:21] Weighted Error Value: White=0.27 (precise) /Black=0.46} 1-0

[Event "87th Spanish Championship 2022"]
[Site "Linares"]
[Date "2022.08.15"]
[Round "6.27"]
[White "Ilinca Ilinca, Felix Antonio"]
[Black "Garza Marco, Sergio"]
[Result "1/2-1/2"]
[ECO "A10"]
[WhiteElo "2162"]
[BlackElo "2408"]
[Annotator "TA"]
[PlyCount "156"]
[EventDate "2022.08.11"]
[EventType "swiss"]
[EventCountry "ESP"]
[SourceTitle "playchess.com"]
[Source "ChessBase"]
[SourceQuality "1"]
[TimeControl "5400+30"]

1. c4 b6 2. Nc3 Bb7 3. d4 e6 4. a3 f5 5. Nf3 Nf6 6. e3 Be7 7. Be2 O-O {[%emt 0:03:19] A40: Unusual replies to 1 d4.} 8. O-O Qe8 9. d5 {[%emt 0:23:22] [#]} Kh8 $146 {[%emt 0:07:33] The position is equal.} ({Predecessor:} 9... Bd6 10. Nb5 e5 11. b4 a6 12. Nxd6 cxd6 13. Bb2 Qe7 14. Rc1 a5 15. b5 Ne4 {1-0 (41) Valdezate Suarez,F (1986)-De Lamo Sevilla,J (1959) Benidorm 2010}) 10. Nd4 Qg6 11. Bf3 Ne4 12. Nxe4 fxe4 13. Bh5 Qh6 14. Bg4 Bd6 15. h3 exd5 16. Nf5 {[%emt 0:01:10] [#]} Qg6 (16... Rxf5 $1 $15 {might be stronger.} 17. Bxf5 Qf6) 17. Nxd6 $11 Qxd6 $40 {[%emt 0:00:03][%mdl 128] White needs to defend precisely.} 18. cxd5 Bxd5 19. b4 Qe5 {[%emt 0:02:30] [#]} (19... Nc6 $11) 20. Rb1 (20. Bb2 $1 $16 Qxb2 21. Qxd5) 20... Bc4 21. Bb2 Qe7 22. Re1 {[%emt 0:00:59][%mdl 1024] White has compensation.} Bd3 23. Rc1 $1 c5 24. Bc3 (24. Be2 $1 $11 {remains equal.}) 24... Nc6 $17 25. Qd2 d6 26. f4 d5 27. b5 Nb8 (27... Bxb5 $6 28. Qxd5 Rad8 29. Qh5 $15) (27... Na5 $17 {Hoping for ...Nb3.} 28. Bxa5 bxa5 29. Qxa5 c4) 28. Be2 $1 $11 Bxe2 29. Rxe2 (29. Qxd5 $2 {[#]} Bxb5 $1 30. Red1 (30. Qxa8 $2 Bc6 $19) 30... Nc6 $19) 29... Rd8 30. Rf1 Qf7 31. Rd1 a6 32. a4 axb5 33. axb5 Ra7 34. Rf2 Qe8 {[%emt 0:00:44] Strongly threatening ...d4.} 35. f5 {[%emt 0:01:14] Threatens to win with f6.} d4 $2 (35... Qxb5 $2 36. f6 d4 37. fxg7+ Kg8 38. exd4 Rxg7 39. d5 $18) (35... Kg8 $14) 36. f6 $18 Rad7 (36... Qxb5 $2 37. fxg7+ Kg8 38. exd4 Rxg7 39. d5 $18) (36... gxf6 $142 37. Rxf6 dxc3 38. Qxd8 Qxd8 39. Rxd8+ Kg7) 37. f7 $2 (37. fxg7+ $18 Rxg7 38. Bb2) 37... Rxf7 $11 38. Rxf7 Qxf7 39. exd4 Kg8 40. d5 Nd7 41. Qg5 (41. Rf1 $11 Nf6 42. Bxf6 gxf6 43. Rf5) 41... Rf8 ({Better is} 41... Re8 $15) 42. Re1 {[%emt 0:00:28] Active counter play!} h6 43. Qg3 Nf6 44. Bxf6 Qxf6 45. Rxe4 {[%emt 0:00:14][%mdl 4096] Endgame KQR-KQR} Rd8 46. Re6 Qd4+ 47. Kh2 Rxd5 48. Rxb6 c4 49. Rxh6 {[%emt 0:00:44] Black must now prevent b6.} Rxb5 {[%emt 0:00:08] ...Rb1 is the strong threat.} 50. Rh4 Qd5 51. Rg4 Rb7 52. Qf4 Rb4 53. Qc7 Qf7 54. Qc8+ Qf8 55. Rxc4 {[%emt 0:00:19] Qxf8+ would kill now.} (55. Qe6+ {keeps more tension.} Qf7 56. Qc6 Rb8 57. Rxc4 Qe8 58. Qc7) 55... Qxc8 56. Rxc8+ $14 {[%emt 0:00:06] KR-KR} Kf7 57. g4 g5 58. Rc7+ Kg6 59. Rc6+ Kg7 60. Rc3 Rb1 61. Kg3 Rg1+ 62. Kf3 Ra1 63. Ke4 Ra5 64. Rd3 Kf6 65. Rd6+ Kf7 $1 ({Much less strong is} 65... Kg7 66. Rd5 Ra3 67. Rxg5+ Kh6 68. Rh5+ (68. h4 Ra4+ 69. Kf3 Ra3+ 70. Kf4 Ra4+ 71. Kg3 Ra3+ 72. Kf2 Ra2+ 73. Kg1 Ra1+ 74. Kh2 Ra2+ 75. Kh3 Ra3+ 76. Kh2 Ra2+ 77. Kh3 Ra3+ 78. Kh2 Ra2+ $16) 68... Kg6 69. Kf4 $16 (69. h4 Ra4+ 70. Kf3 Ra3+ 71. Kf4 Ra4+ 72. Kg3 Ra3+ 73. Kf2 Ra2+ 74. Kf3 Ra3+ 75. Kg2 Ra4 $16)) 66. Rd5 Ra3 $1 67. Kf5 Rxh3 68. Rd7+ Kg8 69. Kg6 Rf3 70. Kxg5 Rf8 71. Kg6 {[%emt 0:00:27] White is slightly better.} Ra8 72. Rd6 $1 {[%emt 0:00:06] Inhibits Ra6.} Rb8 73. g5 Ra8 74. Kh6 Rb8 75. g6 Ra8 76. Rd7 Rb8 77. Rg7+ Kh8 78. Ra7 Kg8 {Weighted Error Value: White=0.20 (precise) /Black=0.23 (precise)} 1/2-1/2

[Event "87th Spanish Championship 2022"]
[Site "Linares"]
[Date "2022.08.15"]
[Round "6.28"]
[White "Alvarez Fernandez, Enrique"]
[Black "Horcajuelo Rocamora, Martin"]
[Result "1-0"]
[ECO "D41"]
[WhiteElo "2329"]
[BlackElo "2107"]
[Annotator "TA"]
[PlyCount "87"]
[EventDate "2022.08.11"]
[EventType "swiss"]
[EventCountry "ESP"]
[SourceTitle "playchess.com"]
[Source "ChessBase"]
[SourceQuality "1"]
[TimeControl "5400+30"]

1. d4 d5 2. c4 e6 3. Nf3 Nf6 4. Nc3 c5 5. cxd5 Nxd5 6. e4 Nxc3 7. bxc3 cxd4 8. cxd4 Bb4+ 9. Bd2 Bxd2+ 10. Qxd2 O-O 11. Bc4 Nd7 12. O-O {[%emt 0:02:19] D41: Queen's Gambit Declined: Semi-Tarrasch with 5 cxd5.} b6 13. Rad1 Bb7 14. d5 {[%emt 0:09:20] The position is equal.} exd5 15. exd5 Rc8 16. Bb3 Nc5 17. Bc2 {[%emt 0:08:01] [#]} Qf6 $146 ({Predecessor:} 17... h6 18. Rfe1 Qd6 19. Nh4 Rfe8 20. Nf5 Qf6 21. d6 Rxe1+ 22. Qxe1 Rf8 23. d7 g6 {1-0 (34) Khomeriki,N (2319)-Shuvalova,P (2454) Chess.com INT 2020}) 18. Rfe1 Rfd8 (18... Rcd8 $15 {is superior.}) 19. Re5 $11 Nd7 20. Re3 Nc5 21. d6 g6 $2 (21... Ne6 $11) 22. Ne5 $1 $18 Rf8 23. Ree1 Rcd8 (23... h5 $16 {might work better.} 24. d7 Rcd8) 24. f4 (24. d7 Bc6 $11) (24. Ng4 $1 $18 {[%cal Rg4f6] is the precise move to win.} Qg7 25. Nh6+ Kh8 26. Re7) 24... Rfe8 25. Bb3 {[%emt 0:00:45] White is more active.} Nxb3 26. axb3 Re6 (26... Kg7 $16) 27. d7 $2 ({White has to play} 27. Ng4 $1 $18 Rxe1+ 28. Rxe1) 27... Qe7 $11 28. b4 f6 29. Ng4 $36 {[%emt 0:01:34][%mdl 2048] White has the initiative.} Kh8 {[%emt 0:18:10] [#]} (29... Kf7 $11 {remains equal.}) 30. Rxe6 $1 $16 Qxe6 {[%emt 0:00:04] [#]} 31. Qd4 $2 Kg7 $11 32. Ne3 Bc6 33. f5 $1 Qe4 ({Don't do} 33... Qxd7 34. Qc4 Qxd1+ 35. Nxd1 Rxd1+ 36. Kf2 $16) 34. Qc3 (34. Qxe4 $11 Bxe4 35. fxg6) 34... gxf5 $4 (34... Rxd7 $19 35. Rxd7+ Bxd7 36. fxg6 hxg6) 35. Rd6 $18 Rxd7 36. Rxc6 {[%emt 0:00:28] Dancing on a razor blade.} Rf7 37. h3 h5 38. Rc4 Qe5 39. Qd3 Kg6 40. Nd5 {[%emt 0:00:33] Black must now prevent Nf4+.} h4 $2 (40... Rd7) 41. Nf4+ (41. Rg4+ $142 Kh7 42. Rxh4+ Kg8 43. Ne3) 41... Kg7 42. Qf3 {[%emt 0:01:13] Nd3 is the strong threat.} Rd7 43. Rc1 Rd4 $2 {[%emt 0:01:36] [#]} (43... Re7 44. Kh2 Qe4) 44. Rc7+ $3 {[%emt 0:00:23][%mdl 512] Weighted Error Value: White=0.54/Black=0.54} 1-0

[Event "87th Spanish Championship 2022"]
[Site "Linares"]
[Date "2022.08.15"]
[Round "6.29"]
[White "Gomez Carreno, Martin"]
[Black "Garrido Diaz, Jose Antonio"]
[Result "1-0"]
[ECO "C70"]
[WhiteElo "2155"]
[BlackElo "2306"]
[Annotator "TA"]
[PlyCount "131"]
[EventDate "2022.08.11"]
[EventType "swiss"]
[EventCountry "ESP"]
[SourceTitle "playchess.com"]
[Source "ChessBase"]
[SourceQuality "1"]
[TimeControl "5400+30"]

1. e4 e5 2. Nf3 Nc6 3. Bb5 a6 4. Ba4 b5 5. Bb3 Na5 6. O-O d6 7. d4 exd4 {[%emt 0:00:50] The main line 7...exd4 scores better than 7...Nxb3. C70: Ruy Lopez: 3...a6 4 Ba4, Norwegian and Delayed Schliemann.} 8. Qxd4 {[%emt 0:00:58][%cal Ob3f7] Hoping for Bxf7+!} (8. Nxd4 $5 Bb7 9. Bd2 Nxb3 10. Nxb3 $14) 8... Bb7 9. c4 c5 {[%emt 0:18:08] The position is equal.} 10. Qd3 {[%emt 0:04:10] [#]} Nxb3 $146 (10... Nf6 $11) ({Predecessor:} 10... Nf6 11. Nc3 Be7 12. cxb5 axb5 13. Bd5 Nxd5 14. Nxd5 O-O 15. Bf4 Bf6 16. Nxf6+ Qxf6 17. Qxd6 Bxe4 18. Qxf6 gxf6 {1-0 (57) Svidler,P (2754)-Mamedyarov,S (2719) Moscow 2009}) 11. Qxb3 $14 b4 12. Bg5 (12. a3 $16) 12... Be7 $1 $11 13. Qa4+ Kf8 14. Bxe7+ Nxe7 15. Nbd2 h5 16. Rad1 Qc7 17. Rfe1 f6 18. Nf1 Kf7 19. Qc2 {White is more active.} Rhe8 (19... Rae8 $14) 20. Qd2 (20. Nh4 $16) 20... Rad8 $14 21. Qf4 ({White should try} 21. Nh4 $14) 21... Bc8 (21... Qd7 $11) 22. Ng3 g6 23. e5 $2 (23. b3 $14) 23... dxe5 $17 24. Nxe5+ {[%emt 0:00:24] [#]} Qxe5 $3 25. Rxe5 Rxd1+ 26. Nf1 g5 (26... Rd4 $17 27. Re4 g5) 27. Qf3 (27. Rxg5 Ng6 28. Rxg6 Kxg6 $17) (27. Qe4 $1 $11 Bf5 28. Rxf5 Nxf5 29. Qxf5) 27... Bg4 $19 28. Qb3 (28. Qxd1 Bxd1 29. Rxc5) 28... fxe5 29. f3 {[%emt 0:00:09] [#]} Rxf1+ 30. Kxf1 Be6 31. Qd3 (31. Qe3 $17) 31... Nf5 32. b3 g4 33. Qe4 Kf6 34. f4 exf4 35. Qxf4 Bd7 $2 (35... Rc8 $19 {is more deadly. aiming for ...a5.} 36. h4 gxh3 37. gxh3 h4) 36. Qc7 $17 {[%emt 0:00:30][%csl LRc5,LRd7] [#]} Ne3+ ({Black should play} 36... g3 $1 $17 {And now ...gxh2 would win.} 37. hxg3 Ne3+ 38. Kg1 Ng4 $1 39. Qd6+ Be6) 37. Kg1 $11 Bf5 38. Qxc5 Kg5 39. Qxb4 Re4 40. g3 {[%emt 0:00:38][%mdl 1024] White has compensation.} h4 41. Qd2 Kh5 42. c5 {[%emt 0:00:12] Threatens to win with gxh4.} Nc2 $2 43. c6 $2 ({White must play} 43. gxh4 $1 $18 Re1+ 44. Kg2 Be4+ 45. Kg3 Re3+ 46. Kf4) 43... Nd4 {[%emt 0:00:49] ( -> ...Nf3+)} 44. Qa5 Re5 45. Qd8 {[%emt 0:01:31] Chess con chili.} Nxc6 46. Qxh4+ Kg6 47. Qh8 {[%emt 0:00:07] Prevents Re8.} Kf7 {[%emt 0:00:41] Strongly threatening ...Bd3.} 48. Qa8 Be4 49. Qxa6 Rc5 50. b4 Rc2 51. Qf1+ (51. Qb7+ $11 Kf6 52. Qd7) 51... Bf3 ({Better is} 51... Ke6 $1 $15 52. Qa6 Ke5) 52. h3 $2 {[%emt 0:01:35][%mdl 8192] [#]} ({Wrong is} 52. b5 $2 Nd4 53. a4 Ne2+ 54. Kf2 Rc1 55. Qxc1 Nxc1 $19) (52. Qd3 $11 Rg2+ 53. Kf1) 52... Nd4 $1 $19 ({Weaker is} 52... Rg2+ 53. Qxg2 Bxg2 54. Kxg2 $11) 53. hxg4 {[%emt 0:00:03] [#]} Kg7 $2 (53... Kg8 $1 $19 54. Qa6 Rg2+ 55. Kf1 Be2+ 56. Kxg2 Bxa6) 54. Qa1 $1 $11 Rd2 55. Qc3 Rd1+ (55... Bc6 $1 $11 {and Black has nothing to worry.}) 56. Kf2 $18 Bxg4 57. Ke3 $2 (57. b5 $18 {and White stays clearly on top.}) 57... Be6 $2 {[%emt 0:01:02][%mdl 8192] A mistake that costs the game.} (57... Bd7 $16 58. Qc5 Kg6 59. Qb6+ Kf7) 58. a4 ({Much less strong is} 58. b5 Bxa2 59. b6 Bd5 60. Qc7+ Kg6 $18) 58... Bd7 (58... Kf7 59. b5 Nf5+ 60. Kf2 Rb1) 59. a5 Kf6 60. a6 Ke5 61. a7 Bc6 62. Qc5+ Ke6 {[%emt 0:00:49] [#]} 63. Qxc6+ $3 Nxc6 64. a8=Q Ne5 65. Qe8+ Kf5 66. Qh5+ {[%emt 0:00:09] Weighted Error Value: White=0.81/Black=0.77} 1-0

[Event "87th Spanish Championship 2022"]
[Site "Linares"]
[Date "2022.08.15"]
[Round "6.30"]
[White "Comellas Martos, Lidia"]
[Black "Cesar Maestre, Bernardo"]
[Result "0-1"]
[ECO "B51"]
[WhiteElo "2132"]
[BlackElo "2343"]
[Annotator "TA"]
[PlyCount "68"]
[EventDate "2022.08.11"]
[EventType "swiss"]
[EventCountry "ESP"]
[SourceTitle "playchess.com"]
[Source "ChessBase"]
[SourceQuality "1"]
[TimeControl "5400+30"]

1. e4 c5 2. Nf3 d6 3. Bb5+ Nd7 4. Ba4 Ngf6 5. O-O g6 6. Re1 {[%emt 0:01:13] B51: Sicilian: Moscow Variation (3 Bb5+) without 3...Bd7.} Bg7 7. c3 O-O 8. d4 {[%emt 0:02:16] The position is equal.} cxd4 9. cxd4 {[%emt 0:03:52] [#]} Ne8 $146 ({Predecessor:} 9... Nb6 10. Bb3 Bg4 11. h3 Bxf3 12. Qxf3 Nfd7 13. Qd1 Rc8 14. Nc3 a6 15. Bg5 Bf6 {1-0 (67) David,A (2557)-Martinez Alcantara,J (2583) Le Blanc Mesnil 2019}) 10. Bb3 Nb8 11. h3 Nc6 12. Nc3 Nc7 13. Nd5 (13. a3 $16) 13... Nxd5 14. Bxd5 Qb6 15. Be3 Bd7 16. Bb3 {[%emt 0:19:27] [#] Threatens to win with d5.} Na5 17. d5 Qb4 18. Bd4 (18. Bd2 $5 Qb5 19. Bc2 $14) 18... Rfc8 19. Bxg7 Kxg7 20. Qd4+ (20. e5 $142) 20... Qxd4 $11 21. Nxd4 Nc4 22. Bxc4 Rxc4 23. Red1 Rac8 24. Kf1 f5 25. f3 Kf6 26. Ke2 $2 {[%emt 0:01:03] Loses the game.} (26. b3 $15 Rc3 27. Rd2) 26... Ke5 $1 $19 27. Nb3 fxe4 28. f4+ $2 (28. Nd2 {was necessary.} exf3+ 29. Nxf3+ Kf6 30. Rd2) 28... Kxf4 29. Rf1+ Ke5 30. Rf7 Re8 ({Weaker is} 30... Kxd5 31. Rxe7 Be6 32. Rd1+ Ke5 33. Rxb7 $19) 31. Rd1 Rc2+ 32. Ke3 $2 (32. Rd2 {might work better.} Rxd2+ 33. Nxd2) 32... Rxg2 {[%emt 0:00:12] Black is clearly winning.} 33. Nd2 {[%emt 0:01:19][%cal Rd2c4] [#]} Rg3+ 34. Kf2 Rd3 {[%emt 0:00:10] Weighted Error Value: White=0.37/Black=0.09 (flawless)} 0-1

[Event "87th Spanish Championship 2022"]
[Site "Linares"]
[Date "2022.08.15"]
[Round "6.31"]
[White "Del Prado Rodriguez, Xulio"]
[Black "Rey Martinez, Jaime"]
[Result "1/2-1/2"]
[ECO "D27"]
[WhiteElo "2282"]
[BlackElo "2117"]
[Annotator "NA RC"]
[PlyCount "47"]
[EventDate "2022.08.11"]
[EventType "swiss"]
[EventCountry "ESP"]
[SourceTitle "playchess.com"]
[Source "ChessBase"]
[SourceQuality "1"]
[TimeControl "5400+30"]

1. d4 d5 2. c4 dxc4 3. Nf3 Nf6 4. e3 e6 5. Bxc4 c5 6. O-O a6 7. dxc5 Qxd1 8. Rxd1 Bxc5 9. Nfd2 b5 10. Be2 Bb7 11. a4 bxa4 12. Nc3 a3 13. bxa3 Nbd7 14. Nb3 O-O 15. Na5 Bd5 16. Bd2 Rfb8 17. Nxd5 Nxd5 18. Rdc1 Bf8 19. Ra2 Nc5 20. g3 h6 21. Bf3 Nd3 22. Rd1 Nb2 23. Rb1 Nd3 24. Rd1 1/2-1/2

[Event "87th Spanish Championship 2022"]
[Site "Linares"]
[Date "2022.08.15"]
[Round "6.32"]
[White "Jimenez Fernandez, Rebeca"]
[Black "Vehi Bach, Victor Manuel"]
[Result "1-0"]
[ECO "B42"]
[WhiteElo "1908"]
[BlackElo "2290"]
[Annotator "RC"]
[PlyCount "57"]
[EventDate "2022.08.11"]
[EventType "swiss"]
[EventCountry "ESP"]
[SourceTitle "playchess.com"]
[Source "ChessBase"]
[SourceQuality "1"]
[TimeControl "5400+30"]

1. e4 c5 2. Nf3 e6 3. d4 cxd4 4. Nxd4 a6 5. Bd3 Nf6 6. O-O d6 7. c4 Nbd7 8. Qe2 Qc7 9. b3 b6 10. Bb2 Bb7 11. Nc3 g6 12. Kh1 Bg7 13. f4 O-O 14. Rad1 Rad8 15. Bb1 Qb8 16. Nf3 Rfe8 17. Ng5 h6 18. Nf3 Nh5 19. Nh4 Bc6 20. f5 exf5 21. Nxf5 Ne5 22. Nxg7 Kxg7 23. Nd5 Bxd5 24. exd5 Re7 25. Qf2 Kg8 26. Qh4 Rde8 27. g4 Ng7 28. Qxh6 Qc8 29. Rg1 1-0